General information
- name: BNet
- type: Ladder team game (AT/RT)
- host: Battle.net
- saver: vitacraves
map: LostTemple
- players: 4
- length: 18:05
- speed: Fast
- version: 1.24 W3XP
- replay type: Public
» download(109 KB)
Players
team 1 (loser)
AznPridz (
orange | 73 APM | 1313 actions | 18:03)
1 Archmage
1 Blizzard
1 Blood Mage
1 Flame Strike
» actions
| Assign group hotkey | 8 | |
| Basic commands | 16 | |
| Build / train | 65 | |
| Enter build submenu | 26 | |
| Enter hero's abilities submenu | 2 | |
| Remove unit from queue | 2 | |
| Right click | 581 | |
| Select / deselect | 463 | |
| Select group hotkey | 91 | |
| Use ability | 59 | |
1313 total
» units
| Peasant | 15 | |
| Mortar Team | 6 | |
| Sorceress | 2 | |
| Flying Machine | 5 | |
| Siege Engine | 3 | |
31 total
» upgrades
| Gunpowder | 1 | |
| Lumber Harvesting | 1 | |
| Sorceress Training | 1 | |
| Flak Cannons | 1 | |
| Barrage | 1 | |
| Plating | 1 | |
6 total
» buildings
| Altar of Kings | 1 | |
| Lumber Mill | 1 | |
| Farm | 7 | |
| Scout Tower | 4 | |
| Guard Tower | 5 | |
| Arcane Vault | 1 | |
| Keep | 4 | |
| Blacksmith | 1 | |
| Workshop | 4 | |
| Arcane Sanctum | 1 | |
| Castle | 2 | |
31 total
» build order
00:04 Altar of Kings
00:13 Lumber Mill
00:22 Farm
00:51 Scout Tower
01:18 Scout Tower
01:27 Guard Tower
01:43 Farm
01:52 Guard Tower
01:55 Scout Tower
02:15 Arcane Vault
02:22 Guard Tower
02:22 Guard Tower
03:00 Keep
03:00 Keep
03:00 Keep
03:18 Scout Tower
03:41 Blacksmith
03:49 Guard Tower
03:59 Farm
04:42 Farm
05:22 Workshop
05:24 Workshop
05:27 Workshop
05:46 Workshop
06:06 Arcane Sanctum
07:01 Farm
08:46 Farm
09:33 Farm
11:15 Castle
11:16 Castle
» items
| Staff of Teleportation | 3 | |
| Scroll of Regeneration | 4 | |
| Scroll of Town Portal | 2 | |
9 total

»
RUSKIE.CYKA (
red | 203 APM | 3653 actions | 17:59)
4 Crypt Lord
2 Impale
1 Carrion Beetles
1 Spiked Carapace
3 Death Knight
2 Death Coil
1 Unholy Aura
» actions
| Assign group hotkey | 43 | |
| Basic commands | 1 | |
| Build / train | 90 | |
| ESC pressed | 9 | |
| Enter build submenu | 35 | |
| Enter hero's abilities submenu | 7 | |
| Give item / drop item | 3 | |
| Right click | 1197 | |
| Select / deselect | 362 | |
| Select group hotkey | 1752 | |
| Use ability | 154 | |
3653 total
» units
| Acolyte | 8 | |
| Ghoul | 8 | |
| Crypt Fiend | 20 | |
36 total
» upgrades
| Creature Attack | 2 | |
| Burrow | 2 | |
| Web | 2 | |
6 total
» buildings
| Graveyard | 1 | |
| Crypt | 2 | |
| Altar of Darkness | 1 | |
| Ziggurat | 7 | |
| Tomb of Relics | 1 | |
| Nerubian Tower | 2 | |
| Spirit Tower | 6 | |
| Halls of the Dead | 4 | |
| Black Citadel | 3 | |
| Sacrificial Pit | 1 | |
| Boneyard | 1 | |
29 total
» build order
00:19 Graveyard
00:20 Crypt
00:26 Crypt
00:51 Altar of Darkness
01:05 Ziggurat
01:25 Tomb of Relics
01:49 Ziggurat
02:11 Nerubian Tower
02:49 Spirit Tower
02:50 Spirit Tower
03:57 Ziggurat
04:48 Halls of the Dead
04:48 Halls of the Dead
04:49 Halls of the Dead
05:22 Spirit Tower
05:22 Spirit Tower
06:17 Ziggurat
09:31 Black Citadel
09:31 Black Citadel
10:34 Sacrificial Pit
11:37 Nerubian Tower
12:01 Ziggurat
13:34 Boneyard
14:58 Ziggurat
14:59 Ziggurat
» items
| Rod of Necromancy | 3 | |
| Dust of Appearance | 5 | |
| Scroll of Town Portal | 3 | |
| Potion of Healing | 1 | |
| Potion of Lesser Invulnerability | 1 | |
| Scroll of Healing | 1 | |
| Scroll of Regeneration | 1 | |
15 total
team 2 (winner)
floatingdownriv (
blue | 82 APM | 1477 actions | 18:04)
3 Blademaster
2 Wind Walk
1 Critical Strike
» actions
| Assign group hotkey | 37 | |
| Basic commands | 37 | |
| Build / train | 52 | |
| Enter build submenu | 44 | |
| Enter hero's abilities submenu | 3 | |
| Right click | 782 | |
| Select / deselect | 159 | |
| Select group hotkey | 237 | |
| Use ability | 126 | |
1477 total
» units
| Peon | 16 | |
| Wind Rider | 4 | |
| Troll Batrider | 6 | |
26 total
» upgrades
| Envenomed Spears | 1 | |
| Reinforced Defenses | 1 | |
| Ranged Weapons | 2 | |
| Armor | 1 | |
| Liquid Fire | 1 | |
6 total
» buildings
| Altar of Storms | 2 | |
| Orc Burrow | 7 | |
| War Mill | 1 | |
| Voodoo Lounge | 1 | |
| Watch Tower | 23 | |
| Stronghold | 4 | |
| Fortress | 3 | |
| Beastiary | 3 | |
44 total
» build order
00:08 Altar of Storms
00:12 Orc Burrow
00:30 War Mill
00:59 Voodoo Lounge
01:45 Watch Tower
02:21 Watch Tower
03:10 Stronghold
03:10 Stronghold
03:10 Stronghold
03:26 Watch Tower
04:08 Watch Tower
04:10 Watch Tower
04:17 Orc Burrow
04:22 Orc Burrow
05:21 Watch Tower
05:32 Watch Tower
05:36 Watch Tower
05:39 Watch Tower
05:40 Fortress
05:40 Fortress
05:41 Fortress
05:52 Beastiary
05:57 Beastiary
06:23 Beastiary
09:13 Watch Tower
09:53 Orc Burrow
09:59 Orc Burrow
10:11 Watch Tower
12:07 Orc Burrow
12:09 Orc Burrow
14:46 Watch Tower
14:48 Watch Tower
14:49 Watch Tower
14:49 Watch Tower
14:52 Watch Tower
14:54 Watch Tower
14:59 Watch Tower
15:00 Watch Tower
15:36 Altar of Storms
16:35 Watch Tower
16:38 Watch Tower
16:40 Watch Tower
16:42 Watch Tower
» items
| Healing Salve | 2 | |
| Lesser Clarity Potion | 7 | |
9 total
vitacraves (
teal | 81 APM | 1466 actions | 18:05)
6 Mountain King
3 Storm Bolt
2 Bash
1 Avatar
» actions
| Assign group hotkey | 118 | |
| Basic commands | 21 | |
| Build / train | 74 | |
| ESC pressed | 1 | |
| Enter build submenu | 40 | |
| Enter hero's abilities submenu | 7 | |
| Give item / drop item | 5 | |
| Right click | 667 | |
| Select / deselect | 151 | |
| Select group hotkey | 283 | |
| Use ability | 99 | |
1466 total
» units
| Peasant | 15 | |
| Goblin Shredder | 1 | |
| Gryphon Rider | 4 | |
20 total
» upgrades
| Masonry | 3 | |
| Storm Hammers | 1 | |
| Swords | 3 | |
| Armor | 2 | |
9 total
» buildings
| Altar of Kings | 1 | |
| Farm | 12 | |
| Scout Tower | 22 | |
| Lumber Mill | 1 | |
| Arcane Tower | 2 | |
| Guard Tower | 13 | |
| Keep | 3 | |
| Town Hall | 1 | |
| Castle | 1 | |
| Gryphon Aviary | 4 | |
| Blacksmith | 1 | |
| Arcane Vault | 1 | |
62 total
» build order
00:09 Altar of Kings
00:33 Farm
01:03 Farm
01:05 Farm
01:08 Scout Tower
01:10 Lumber Mill
01:38 Arcane Tower
01:41 Scout Tower
02:14 Guard Tower
03:17 Scout Tower
03:24 Scout Tower
03:55 Guard Tower
04:01 Keep
04:01 Keep
05:25 Town Hall
05:26 Scout Tower
05:27 Scout Tower
05:28 Scout Tower
05:29 Scout Tower
05:30 Scout Tower
05:43 Scout Tower
05:45 Scout Tower
06:16 Guard Tower
06:17 Arcane Tower
06:18 Guard Tower
06:21 Scout Tower
06:22 Scout Tower
06:29 Guard Tower
06:49 Guard Tower
07:09 Castle
07:45 Gryphon Aviary
07:47 Gryphon Aviary
08:00 Farm
08:02 Farm
09:12 Blacksmith
09:13 Gryphon Aviary
09:15 Arcane Vault
09:18 Scout Tower
09:19 Scout Tower
11:21 Guard Tower
11:49 Guard Tower
11:50 Guard Tower
12:03 Scout Tower
12:03 Scout Tower
13:16 Guard Tower
13:47 Scout Tower
13:48 Scout Tower
13:54 Scout Tower
13:55 Scout Tower
13:55 Scout Tower
14:46 Guard Tower
14:51 Guard Tower
14:52 Farm
14:52 Farm
14:52 Farm
15:52 Farm
15:53 Gryphon Aviary
15:54 Farm
15:54 Farm
15:55 Farm
» items
| Boots of Speed | 1 | |
| Staff of Teleportation | 1 | |
| Lesser Clarity Potion | 5 | |
| Healing Salve | 3 | |
| Orb of Lightning | 1 | |
| Scroll of Speed | 1 | |
| Scroll of Regeneration | 1 | |
| Scroll of Town Portal | 3 | |
| Staff of Sanctuary | 1 | |
17 total
Chat log
(00:20 / Allies) vitacraves: i decided to start going to the gym again
(00:25 / Allies) vitacraves: i did squats last week
(00:28 / Allies) vitacraves: for the first itme in years
(00:41 / Allies) floatingdownriv: then u must be sore
(00:43 / Allies) vitacraves: these guys are tryhards
(00:45 / Allies) vitacraves: yeah i was
(00:50 / Allies) vitacraves: my legs were jelly for like 2-3 days
(00:53 / Allies) vitacraves: then i did them again today
(00:57 / Allies) vitacraves: probably be jelly tomorrow
(01:17 / Allies) vitacraves: idk from where
(01:23 / Allies) vitacraves: but i recognize that ruskie fags name
(01:25 / Allies) vitacraves: so hes probably a tryhard
(01:30 / Allies) vitacraves: and aznpridz
(01:33 / Allies) vitacraves: is a guy ive seen
(01:36 / Allies) vitacraves: in that footy wars cheated one
(01:44 / Allies) vitacraves: he doesnt use the cheats
(02:02 / Allies) vitacraves: 78-54 rt
(02:06 / Allies) vitacraves: 39-28 solo
(02:28 / Allies) vitacraves: blizzard wtf
(02:44 / All) vitacraves: this isnt footy wars noob
(03:28 / Allies) vitacraves: u get boots
(03:29 / Allies) vitacraves: from right side
(03:31 / Allies) vitacraves: opr no
(03:34 / Allies) vitacraves: come fast
(03:51 / Allies) vitacraves: expo matters more
(03:51 / Allies) floatingdownriv: come fast wat
(03:52 / Allies) vitacraves: than am
(03:55 / Allies) floatingdownriv: o
(03:57 / Allies) floatingdownriv: ud expo
(04:21 / Allies) vitacraves: fiends
(04:22 / Allies) vitacraves: not hero
(04:50 / Allies) floatingdownriv: no cold
(05:07 / Allies) vitacraves: yes cold
(05:09 / Allies) vitacraves: owned self
(05:12 / Allies) floatingdownriv: honk
(05:53 / Allies) vitacraves: lets lure this
(06:46 / Allies) vitacraves: beatle
(07:36 / All) vitacraves: LOL
(07:51 / Allies) vitacraves: go wyvs
(07:59 / Allies) floatingdownriv: was that hack?
(08:03 / Allies) vitacraves: no
(08:06 / Allies) vitacraves: lure
(08:14 / Allies) vitacraves: share
(08:29 / Allies) vitacraves: care
(10:31 / Allies) floatingdownriv: can u reveal
(10:32 / Allies) floatingdownriv: i have air units
(10:33 / Allies) vitacraves: no
(10:48 / Allies) vitacraves: hes gonna do it
(10:49 / Allies) vitacraves: he has to
(10:59 / All) vitacraves: U MAD?
(11:44 / Allies) vitacraves: aw gross
(11:45 / Allies) vitacraves: slow
(11:57 / Allies) vitacraves: we have to hit hu base
(11:58 / Allies) vitacraves: fast
(11:58 / Allies) vitacraves: fuck
(12:35 / Allies) vitacraves: tp
(13:34 / Allies) vitacraves: tower ur expo a ton when u can sneak it
(14:21 / Allies) vitacraves: bat his gyros
(14:22 / Allies) vitacraves: if uc an
(14:31 / Allies) vitacraves: tower up
(14:33 / Allies) vitacraves: 120 more toers
(14:34 / Allies) vitacraves: 10*
(15:01 / Allies) vitacraves: stay b
(15:01 / Allies) vitacraves: b
(16:14 / Allies) floatingdownriv: he has at ank
(16:33 / All) vitacraves: go back to footy wars noob
(17:15 / Allies) vitacraves: u go bottom elft
(17:18 / Allies) vitacraves: ill wait fo rhtem to leave hu
(17:20 / Allies) vitacraves: and ill go hu
(17:47 / All) vitacraves: so much easier in foot wars
(17:51 / All) vitacraves: just have to worry about the blizzard man
(17:59 / All) vitacraves: if enemy gets too many units u buy the scroll
(18:01 / All) vitacraves: for 500 gold